federico, chaotic male orcish Ranger --- --..*. -.<...------- .h.)GG))@s.). ....-----..- ..-- -.. - federico the Trailblazer Experience level: 6 Strength: 14 Dexterity: 11 Constitution: 14 Intelligence: 14 Wisdom: 13 Charisma: 8 Health: 0(31) Energy: 28(28) AC: 1 Gold: 282 Moves: 1024 Your Inventory: Coins $ - 282 gold pieces Amulets q - an [uncursed] octagonal amulet [of life saving] Weapons b - an uncursed +1 orcish bow (weapon in hand) c - 38 uncursed +2 orcish arrows (in quiver) d - 36 uncursed +0 orcish arrows p - 2 [uncursed +0] daggers (alternate weapon; not wielded) s - an [uncursed +0] broad short sword [of fire (dwarvish)] Armor e - a blessed +2 cloak of displacement (being worn) l - a cursed +0 splint mail (being worn) t - an [uncursed +0] dwarvish mithril-coat Comestibles f - 4 uncursed cram rations g - an uncursed tripe ration h - an uncursed food ration Scrolls k - an [uncursed] scroll labeled THARR [of gold detection] Potions m - an [uncursed] soapy potion [of levitation] n - an [uncursed] indigo potion [of healing] o - a [blessed] milky potion [of object detection] u - an [uncursed] yellow potion [of paralysis] Wands v - an [uncursed] mahogany wand [of digging (0:8)] Tools w - an [uncursed] partly used [wax] candle (lit) x - an [uncursed tallow] candle z - an [uncursed] lock pick Gems i - an [uncursed] red gem [garnet] j - 2 [uncursed] orange gems [agate] r - an [uncursed] white gem [worthless glass] Spells known in the end: Name Level Category Fail Memory Your skills at the end: Fighting Skills Weapon Skills dagger [Basic / Expert] bow [Basic / Expert] Spellcasting Skills Final Attributes: You were devoutly aligned. Hunger level was 404. Your alignment was 15 / 15. Monster difficulty range was 1 - 6. Level difficulty was 7. You were immune to poison. You had automatic searching. You had infravision. You were displaced. Your luck was zero. You are dead. Vanquished creatures: 3 gnome lords 5 dwarves 2 kobold lords a centipede an iguana 4 hobbits 19 gnomes a gecko 2 jackals 2 kobolds a goblin 2 grid bugs a lichen 3 newts 47 creatures vanquished. Voluntary challenges: You used a wielded weapon 36 times. You read items or engraved 1 time. You put on armor 3 times. You never genocided any monsters. You never polymorphed an object. You never changed form. You used no wishes. You never wrote Elbereth's name. You never encountered a bones level. You never used any Sokoban shortcuts. Dungeon overview: The Dungeons of Doom: levels 1 to 4 Level 1 a fountain a long staircase Level 2 a fountain Level 3 a fountain, a sink Level 4 a fountain stairs to The Gnomish Mines The Gnomish Mines: levels 5 to 7 Level 5 stairs to The Dungeons of Doom Level 7 <- You were here History has recorded: On T:1 you entered the Dungeons of Doom to retrieve the Amulet of Yendor! On T:202 you reached level 2 of The Dungeons of Doom. On T:275 you reached level 3 of The Dungeons of Doom. On T:309 you advanced to experience level 2. On T:314 you advanced to experience level 3. On T:430 you advanced to experience level 4. On T:488 you reached level 4 of The Dungeons of Doom. On T:568 you reached level 1 of The Gnomish Mines. On T:625 you advanced to experience level 5. On T:673 you reached level 2 of The Gnomish Mines. On T:877 you advanced to experience level 6. On T:983 you reached level 3 of The Gnomish Mines. Latest messages: The dwarf hits! The giant spider bites! [HP-14=17] The orcish arrow hits the dwarf! The giant spider bites! The giant spider's bite was poisoned! The poison doesn't seem to affect you. [HP-6=11] You shoot 3 orcish arrows. The 1st orcish arrow hits the dwarf. The 2nd orcish arrow hits the dwarf! You kill the dwarf! The 3rd orcish arrow misses the gnome lord. The giant spider bites! The gnome lord wields a sling! The giant spider bites! [HP-10=1] [2 turns] You have a little trouble lifting c - 3 uncursed +2 orcish arrows (in quiver). The giant spider strikes at your displaced image and misses you! You write "Elbereth" with your fingers into the dust. The giant spider bites! You die... Final status: Goodbye federico the Ranger... You died in The Gnomish Mines on dungeon level 7 with 1582 points, and 282 pieces of gold, after 1024 moves. You were level 6 with a maximum of 31 hit points when you died.